 Dungeon Crawl Stone Soup version 0.17-a0-1840-g87820a2 (webtiles) character file.

411 achirane the Vexing (level 6, -6/28 HPs)
             Began as a Vine Stalker Enchanter on Sept 16, 2015.
             Was a Follower of Elyvilon.
             Splashed by a jelly's acid (10 damage)
             ... on level 5 of the Dungeon.
             The game lasted 00:29:23 (4294 turns).

achirane the Vexing (Vine Stalker Enchanter)        Turns: 4294, Time: 00:29:23

Health: -6/28      AC: -12   Str: 11    XL:     6   Next: 90%
Magic:  0/19       EV: 12    Int: 17    God:    Elyvilon [*.....]
Gold:   201        SH:  0    Dex: 14    Spells: 3 memorised, 3 levels left

rFire  . . .     SeeInvis +     v - +0 short sword (freeze)
rCold  . . .     Clarity  .     b - +1 robe
rNeg   + . .     SustAt   .     (no shield)
rPois  .         Gourm    .     w - +0 hat
rElec  .         Spirit   +     f - +0 cloak
rCorr  .         Warding  +     (no gloves)
rMut   .         Stasis   .     (no boots)
MR     .....                    C - amulet of warding
Stlth  +++.......               H - ring of see invisible
                                F - ring of magical power

@: protection, corroded equipment, not resistant to hostile enchantments, fairly
stealthy
A: fangs 2, regeneration 2, magic shield, antimagic bite, no device heal 3, rot
immunity
a: Lesser Healing, Divine Protection, Renounce Religion


You were on level 5 of the Dungeon.
You worshipped Elyvilon.
Elyvilon was aware of your devotion.
You were not hungry.

You visited 1 branch of the dungeon, and saw 5 of its levels.

You collected 201 gold pieces.

Inventory:

Hand weapons
 a - a +1 dagger
 v - a +0 short sword of freezing (weapon)
Missiles
 e - 7 sling bullets of frost
 i - 14 sling bullets of flame
 t - 19 poisoned needles
 D - 2 tomahawks
 E - 2 javelins (quivered)
Armour
 b - a +1 robe (worn)
 f - a +0 cloak (worn)
 w - a +0 hat (worn)
Jewellery
 C - an amulet of warding (around neck)
 F - a ring of magical power (left hand)
 H - a ring of see invisible (right hand)
Scrolls
 j - a scroll of blinking {unknown}
 k - a scroll of magic mapping {unknown}
 l - 2 scrolls of remove curse
 m - 3 scrolls of identify {unknown}
 q - a scroll of enchant weapon {unknown}
 u - a scroll of teleportation {unknown}
 y - 2 scrolls of fear {unknown}
 A - a scroll of fog {unknown}
Potions
 g - a potion of ambrosia {unknown}
 h - a potion of brilliance {unknown}
 n - a potion of cancellation {unknown}
 p - 4 potions of curing
 r - a potion of lignification {unknown}
 s - 2 potions of degeneration {unknown}
 x - a potion of agility {unknown}
 z - a potion of beneficial mutation {unknown}
 I - a potion of berserk rage {unknown}
Books
 c - a book of Maledictions

   Spells                             Type                      Level
   a - Corona                         Hexes                        1
   b - Ensorcelled Hibernation        Hexes/Ice                    2
   c - Confuse                        Hexes                        3
   d - Tukima's Dance                 Hexes                        3
   e - Dazzling Spray                 Conjuration/Hexes            3
Comestibles
 d - 4 bread rations
 o - 2 meat rations
 B - 2 beef jerkies
 G - 4 chunks of flesh


   Skills:
 - Level 2.1 Short Blades
 - Level 1.5 Dodging
 - Level 5.6 Stealth
 - Level 2.1 Spellcasting
 + Level 6.3 Hexes


You had 3 spell levels left.
You knew the following spells:

 Your Spells              Type           Power        Failure   Level  Hunger
a - Corona                Hex            ###....      1%          1    #......
b - Ensorcelled Hibernat  Hex/Ice        ##....       10%         2    ###....
c - Confuse               Hex            ###.....     6%          3    ###....


Dungeon Overview and Level Annotations

Branches:
Dungeon (5/15)
 Temple: D:4-7

Altars:
Elyvilon
Gozag
Nemelex Xobeh
Trog

Annotations:
D:5 Dowan


Innate Abilities, Weirdness & Mutations

You have extremely sharp teeth.
You heal very quickly.
When hurt, damage is shared between your health and your magic reserves.
Your bite disrupts and absorbs the magic of your enemies.
Potions and wands cannot restore your health.
You are immune to rotting.


Message History

Aiming: Ensorcelled Hibernation
Press: ? - help, Shift-Dir - straight line, f/p - jelly
Aim: a jelly (heavily wounded, chance to defeat MR: 51%)
The jelly resists with some effort.
The jelly hits you.
You are splashed with acid!
The acid corrodes you!
The acid burns!
* * * LOW HITPOINT WARNING * * *
Use which ability?
You beseech Elyvilon to protect your life.
The jelly barely misses you.
You hit the jelly. You freeze the jelly.
Your hands burn!
* * * LOW HITPOINT WARNING * * *
The jelly is severely wounded.
The jelly closely misses you.
You hit the jelly but do no damage.
Your hands burn!
* * * LOW HITPOINT WARNING * * *
The jelly is severely wounded.
The jelly hits you.
* * * LOW HITPOINT WARNING * * *
You are splashed with acid!
The acid burns!
You die...

###
#################.#
..#
#.................#
..#
#.#.........#####.#
..#
#.#.#######.#####.#
..########.#.#
#.......#
...........#.#
###########
..##########.#
#.....# ..#
#.......#########.#
###
#.........J@......#
#....<..###########
#.......# #.......#
###.......#
#.........#
##........[########
###..................
#....#...............


You could see a jelly.

Vanquished Creatures
  A crimson imp (D:5)
  2 jellies
  An orc priest (D:3)
  2 hounds
  2 iguanas
  4 adders
  2 oozes
  An adder skeleton (D:4)
  A worm (D:2)
  14 orcs
  5 bats (D:2)
  7 giant cockroaches
  8 goblins
  8 hobgoblins
  22 jackals
  13 kobolds
  A quokka (D:3)
  2 ball pythons
  A giant cockroach zombie (D:5)
  3 giant geckos
  A giant gecko skeleton (D:4)
  7 giant newts
  4 rats
112 creatures vanquished.

Vanquished Creatures (others)
  A rat (D:2)
  A plant (D:2)
2 creatures vanquished.

Grand Total: 114 creatures vanquished

Notes
Turn   | Place    | Note
--------------------------------------------------------------
     0 | D:1      | achirane the Vine Stalker Enchanter began the quest for the Orb.
     0 | D:1      | Reached XP level 1. HP: 9/9 MP: 4/4
    19 | D:1      | Reached skill level 1 in Short Blades
   109 | D:1      | Reached skill level 4 in Stealth
   224 | D:1      | Reached XP level 2. HP: 13/13 MP: 6/6
   250 | D:1      | You fall through a shaft!
   402 | D:1      | Reached XP level 3. HP: 14/16 MP: 7/7
   567 | D:1      | Learned a level 2 spell: Ensorcelled Hibernation
   571 | D:1      | Learned a level 3 spell: Confuse
   621 | D:1      | Reached skill level 5 in Stealth
  1129 | D:2      | Reached XP level 4. HP: 21/21 MP: 8/8
  1855 | D:3      | Found an opulent altar of Gozag.
  1865 | D:3      | Found a white marble altar of Elyvilon.
  1952 | D:3      | Became a worshipper of Elyvilon the Healer
  2506 | D:3      | Reached XP level 5. HP: 24/24 MP: 9/9
  3235 | D:4      | Found a bloodstained altar of Trog.
  3310 | D:4      | Found a sparkling altar of Nemelex Xobeh.
  3386 | D:4      | Acquired Elyvilon's first power
  3557 | D:4      | Reached skill level 5 in Hexes
  3557 | D:4      | Gained mutation: You heal very quickly. [Vine Stalker growth]
  3557 | D:4      | Reached XP level 6. HP: 28/28 MP: 10/10
  3942 | D:5      | Entered Level 5 of the Dungeon
  3965 | D:5      | Noticed Dowan
  3995 | D:5      | Reached skill level 6 in Hexes
  4294 | D:5      | Splashed by a jelly's acid

Vault maps used:
D:1:      lightli_arrival_lavapool, hangedman_abyss_or_decor_stabs,
          grunt_decor_arrowhead
D:2:      kennysheep_cluttered_room, lexackson_kobold_supper
D:3:      amethyst_overflow_temple_binary, grunt_ministairs_9
D:4:      nemelex_xobeh_ov_fountains_minmay, minivault_26, lemuel_tele_altar
D:5:      cheibrodos_ashenzari_chains, minmay_temple_entry_oklob, first_bread,
          minmay_misc_feat_secret_circle, uniq_duvessa

Action                   |  1- 3 |  4- 6 || total
-------------------------+-------+-------++-------
Melee: Dagger            |    76 |       ||    76
       Short sword       |    28 |   169 ||   197
Throw: Javelin           |       |    27 ||    27
 Cast: Corona            |    10 |    57 ||    67
       Ensorcelled Hiber |       |     7 ||     7
Invok: Divine Protection |       |     1 ||     1
  Use: Scroll            |       |     1 ||     1
 Stab: Sleeping          |    12 |    13 ||    25
       Distracted        |       |     1 ||     1
  Eat: Chunk             |     1 |    11 ||    12
